 Dungeon Crawl Stone Soup version 0.18-a0-1323-g706dcef (webtiles) character file.

1603 M4edhros the Covert (level 8, -4/42 HPs)
             Began as an Octopode Artificer on Feb 15, 2016.
             Was a Believer of Ru.
             Slain by an orc warrior
             ... wielding a +0 glaive
              (20 damage)
             ... on level 6 of the Dungeon.
             The game lasted 00:13:48 (6373 turns).

M4edhros the Covert (Octopode Artificer)            Turns: 6373, Time: 00:13:48

Health: -4/42      AC:  6    Str: 24    XL:     8   Next: 94%
Magic:  0/10       EV: 12    Int: 12    God:    Ru [**....]
Gold:   211        SH:  0    Dex: 11    Spells: 0 memorised, 7 levels left

rFire  + . .     SeeInvis +     H - +1 dagger of Truncation {drain, rPois MR- Str+9 Int-5}
rCold  . . .     Gourm    .     (no shield)
rNeg   . . .     Faith    .     (helmet restricted)
rPois  +         Spirit   +     I - amulet of guardian spirit
rElec  .         Dismiss  .     n - ring of protection from fire
rCorr  .         Reflect  .     (no ring)
SustAt .         Harm     .     (no ring)
MR     .....     Rnd*Rage +     (no ring)
Stlth  +++++++...               (no ring)
                                (no ring)
                                (no ring)
                                (no ring)

@: mighty, not resistant to hostile enchantments, extremely stealthy
A: almost no armour, amphibious, 8 rings, constrict 8, icy blue scales 1, rough
black scales 1, camouflage 1, see invisible, berserk 1, frail 1, screaming 1,
gelatinous body 1, MP-powered wands, unskilled 1
a: Renounce Religion


You were on level 6 of the Dungeon.
You worshipped Ru.
Ru was pleased with you.
You were very full.

You visited 2 branches of the dungeon, and saw 7 of its levels.

You collected 271 gold pieces.
You spent 60 gold pieces at shops.

Inventory:

Hand Weapons
 a - a +0 short sword
 e - a +1 dagger of venom
 B - a +0 hunting sling
 H - the +1 dagger of Truncation (weapon) {drain, rPois MR- Str+9 Int-5}
   (You found it on level 6 of the Dungeon)

   A truly terrible weapon, it drains the life of those it strikes.
   It affects your strength (+9).
   It affects your intelligence (-5).
   It protects you from poison.
   It affects your resistance to hostile enchantments.
Missiles
 C - 329 stones (quivered)
Jewellery
 n - a ring of protection from fire (left tentacle)
 D - an uncursed amulet of the gourmand
 I - an amulet of guardian spirit (around mantle)
Wands
 b - a wand of flame (7/48)
 c - a wand of enslavement (9/24)
 d - a wand of random effects (1/48)
 t - a wand of flame (18/48)
Scrolls
 g - 3 scrolls of identify {unknown}
 h - 3 scrolls of fear {unknown}
 i - a scroll of noise {unknown}
 k - a scroll of fog {unknown}
 l - 7 scrolls of remove curse {unknown}
 m - 4 scrolls of magic mapping {unknown}
 r - a scroll of teleportation {unknown}
 s - 2 scrolls of enchant weapon {unknown}
 v - 2 scrolls of immolation {unknown}
 y - a scroll of holy word {unknown}
 J - a scroll of vulnerability {unknown}
Potions
 q - a potion of resistance {unknown}
 w - 2 potions of curing
 x - a potion of cure mutation {unknown}
 z - 2 potions of agility {unknown}
 A - 3 potions of berserk rage {unknown}
 G - a potion of haste {unknown}
Comestibles
 f - 3 bread rations
 j - 4 beef jerkies
 o - 2 meat rations
 u - 4 fruits
 F - a slice of pizza


   Skills:
 - Level 0.8 Fighting
 - Level 0.8 Short Blades
 - Level 1.7 Dodging
 + Level 13.6 Stealth
 - Level 3.0 Evocations


You had 7 spell levels left.
You didn't know any spells.

Dungeon Overview and Level Annotations

Branches:
Dungeon (6/15)             Temple (1/1) D:6

Altars:
Ashenzari
Cheibriados
Dithmenos
Elyvilon
Gozag
Makhleb
Nemelex Xobeh
Okawaru
Ru
Sif Muna
Trog
The Shining One

Shops:
D:4 *   D:5 !


Innate Abilities, Weirdness & Mutations

You cannot wear most types of armour.
You are amphibious.
You can wear up to eight rings at the same time.
You can use your tentacles to constrict eight enemies at once.
Your skin changes colour to match your surroundings (Stealth).
You are frail (-10% HP).
Your rubbery body absorbs attacks (AC +1).
You are somewhat unskilled (-1 Apt).
You are partially covered in icy blue scales (AC +1).
You are partially covered in rough black scales (AC +4, Dex -1).
You have supernaturally acute eyesight.
You tend to lose your temper in combat.
You occasionally shout uncontrollably at your foes.
You expend magic power (3 MP) to strengthen your wands.


Message History

Evoke which item? (* to show all) (? for menu, Esc to quit)
Zapping:
d - a wand of random effects (2/48)
Press: ? - help, Shift-Dir - straight line, f/p - orc warrior
Aim: an orc warrior, wielding a glaive and wearing a chain mail (lightly wounded)
The orc warrior struggles to resist.
This wand has 1 charge left.
The orc warrior hits you from afar with a glaive!!
Ouch! That really hurt!
* * * LOW HITPOINT WARNING * * *
Drink which item? (? for menu, Esc to quit)
You feel much better.
The orc warrior hits you from afar with a glaive!
Drink which item? (? for menu, Esc to quit)
You feel very mighty all of a sudden.
The orc warrior hits you from afar with a glaive!
* * * LOW HITPOINT WARNING * * *
You focus your will and blind the orc warrior in retribution!
Drink which item? (? for menu, Esc to quit)
You feel better.
The orc warrior hits you with a glaive!!
You die...

..........#....#
..........'....#
#########..##...####..##
#.......#####...# ###.##
#.......#.......###.....
#.......+.......+#.8...8
#.......#........#......
#......o########....._..
#@.........#......
#..........#.8...8
#..........##.....
#...........###.##
#.................
#.................
#.................
########'####.....
#......####+#


You could see an orc warrior (blind).

Vanquished Creatures
  The ghost of namelastname112 the Twirler, an amateur DrGl (D:3)
  A hungry ghost (D:3)
  A sky beast (D:5)
  2 ogres
  2 big kobolds (D:3)
  A giant frog (D:5)
  A scorpion (D:5)
  A giant frog zombie (D:5)
  A giant frog skeleton (D:3)
  A hound (D:6)
  2 orc wizards
  2 centaur skeletons (D:4)
  2 orc priests
  A gnoll shaman (D:6)
  An iguana (D:5)
  5 worker ants
  15 gnolls
  8 adders
  An ooze (D:2)
  7 worms
  7 giant geckos
  15 orcs
  4 giant cockroaches
  27 goblins
  33 hobgoblins
  5 jackals
  7 kobolds
  A quokka (D:3)
  6 bats
  A giant gecko skeleton (D:5)
  A giant gecko zombie (D:6)
  5 giant newts
  A quokka skeleton (D:4)
  6 rats
175 creatures vanquished.

Vanquished Creatures (collateral kills)
  A gnoll (D:5)
  4 orcs (D:4)
  2 goblins (D:3)
7 creatures vanquished.

Vanquished Creatures (others)
  A gnoll (D:3)
  An adder (D:4)
2 creatures vanquished.

Grand Total: 184 creatures vanquished

Notes
Turn   | Place    | Note
--------------------------------------------------------------
     0 | D:1      | M4edhros the Octopode Artificer began the quest for the Orb.
     0 | D:1      | Reached XP level 1. HP: 13/13 MP: 3/3
   156 | D:1      | Reached XP level 2. HP: 15/18 MP: 4/4
   541 | D:2      | Found a shadowy altar of Dithmenos.
   923 | D:4      | Reached skill level 4 in Stealth
   923 | D:4      | Reached XP level 3. HP: 10/23 MP: 5/5
  1131 | D:4      | Found Xuproukk's General Store.
  1157 | D:4      | Reached skill level 5 in Stealth
  1157 | D:4      | Reached XP level 4. HP: 26/28 MP: 6/6
  1271 | D:4      | Reached skill level 6 in Stealth
  1404 | D:4      | Reached XP level 5. HP: 31/33 MP: 7/7
  1428 | D:4      | Reached skill level 7 in Stealth
  1631 | D:4      | Noticed an ogre
  1636 | D:4      | Killed an ogre
  1636 | D:4      | Reached skill level 8 in Stealth
  1636 | D:4      | Reached XP level 6. HP: 38/38 MP: 8/8
  1687 | D:4      | Reached skill level 9 in Stealth
  1928 | D:5      | Entered Level 5 of the Dungeon
  1994 | D:5      | Noticed a sky beast
  2062 | D:5      | Noticed a phantom
  2079 | D:5      | Reached skill level 10 in Stealth
  2079 | D:5      | Reached XP level 7. HP: 43/43 MP: 9/9
  2392 | D:5      | Found Ananuawa's Distillery.
  2421 | D:5      | Bought 2 potions of mutation for 60 gold pieces
  2421 | D:5      | Gained mutation: Your spells are a little harder to cast, but a little more powerful. [potion of mutation]
  2421 | D:5      | Gained mutation: You have supernaturally acute eyesight. [potion of mutation]
  2422 | D:5      | Lost mutation: Your spells are a little harder to cast, but a little more powerful. [potion of mutation]
  2422 | D:5      | Gained mutation: Your spells are a little harder to cast, but a little more powerful. [potion of mutation]
  2423 | D:5      | Gained mutation: You are partially covered in rough black scales (AC +4, Dex -1). [potion of mutation]
  2423 | D:5      | Gained mutation: You are partially covered in icy blue scales (AC +1). [potion of mutation]
  2423 | D:5      | Lost mutation: Your spells are a little harder to cast, but a little more powerful. [potion of mutation]
  2558 | D:5      | Reached skill level 11 in Stealth
  3041 | D:6      | Found a staircase to the Ecumenical Temple.
  3091 | D:6      | Gained mutation: You occasionally shout uncontrollably at your foes. [potion of mutation]
  3091 | D:6      | Gained mutation: You expend magic power (3 MP) to strengthen your wands. [potion of mutation]
  3091 | D:6      | Gained mutation: You tend to lose your temper in combat. [potion of mutation]
  3148 | Temple   | Entered the Ecumenical Temple
  3203 | Temple   | Became a worshipper of Ru the Awakened
  3597 | D:2      | Found a deep blue altar of Sif Muna.
  3661 | D:2      | Found a bloodstained altar of Trog.
  4012 | D:2      | Reached skill level 12 in Stealth
  4091 | D:3      | Noticed namelastname112's ghost (amateur DrGl)
  4287 | D:3      | Gained mutation: You are somewhat unskilled (-1 Apt). [Ru sacrifice]
  4287 | D:3      | Reduced skill Dodging to level 1
  4287 | D:3      | Reduced skill Stealth to level 11
  4287 | D:3      | Reached * piety under Ru
  4324 | D:3      | Reached XP level 8. HP: 27/47 MP: 10/10
  4385 | D:3      | Killed namelastname112's ghost
  4601 | D:3      | Reached skill level 12 in Stealth
  5071 | D:3      | Found a sacrificial altar of Ru.
  5215 | D:3      | Found a burning altar of Makhleb.
  5215 | D:3      | Noticed a cacodemon
  5299 | D:3      | Reached skill level 13 in Stealth
  6046 | D:6      | Got a slimy dagger
  6047 | D:6      | Identified the +1 dagger of Truncation {drain, rPois MR- Str+9 Int-5} (You found it on level 6 of the Dungeon)
  6323 | D:6      | Found an opulent altar of Gozag.
  6326 | D:6      | Gained mutation: You are frail (-10% HP). [Ru sacrifice]
  6326 | D:6      | Reached ** piety under Ru
  6373 | D:6      | Slain by an orc warrior

Vault maps used:
D:1:      lemuel_arrival_room, serial_bayou_crossing
D:2:      nicolae_overflow_crystal_walls, nicolae_dithmenos_shadow_blocks,
          bloody_trog
D:3:      minmay_goblin_kobold_castle, makhleb_altar_promises_db,
          hangedman_ru_absence
D:4:      first_bread, serial_shops, shop
D:5:      serial_shops, shop
D:6:      grunt_gozag_statues, temple_doors_e
Temple:   nicolae_temple_great_sept

Action                   |  1- 3 |  4- 6 |  7- 9 || total
-------------------------+-------+-------+-------++-------
Melee: Short sword       |    26 |     4 |       ||    30
       Dagger            |       |    43 |   271 ||   314
 Fire: Hunting sling     |       |       |    55 ||    55
Invok: Sacrifice Skill   |       |       |     1 ||     1
       Sacrifice Health  |       |       |     1 ||     1
Evoke: Wand              |     4 |     7 |    17 ||    28
  Use: Potion            |     2 |     7 |     9 ||    18
 Stab: Sleeping          |     7 |    10 |    21 ||    38
       Invisible         |     2 |     1 |       ||     3
       Distracted        |       |       |     1 ||     1
  Eat: Chunk             |       |     2 |    24 ||    26
